 Dungeon Crawl Stone Soup version 0.31-a0-986-g5e6e4ef867 (webtiles) character file.

Game seed: 9914758612879423691

161067 jake111299 the Executioner (level 17, -2/163 HPs)
             Began as a Hill Orc Fighter on Oct 30, 2023.
             Was a High Priest of Qazlal.
             Slain by a ghost moth (11 damage)
             ... on level 4 of the Spider Nest on Nov 4, 2023.
             The game lasted 02:30:40 (28134 turns).

jake111299 the Executioner (Hill Orc Fighter)      Turns: 28134, Time: 02:30:41

Health: -2/163     AC: 26    Str: 32 (33) XL:     17   Next: 78%
Magic:  0/29       EV: 11    Int:  7 (8)  God:    Qazlal [*****.]
Gold:   2799       SH:  7    Dex: 14 (15) Spells: 13/16 levels left

rFire   + . .        e - +8 executioner's axe of Victory {freeze, Drain rElec Dex+5}
rCold   + + .        (shield currently unavailable)
rNeg    . . .        L - +3 plate armour {Will+}
rPois   +            o - +1 helmet
rElec   +            D - scarf {rC+ rF+}
rCorr   .            c - +0 pair of gloves
SInv    .            A - +0 pair of boots
Will    +++..        n - amulet of regeneration Stlth
                     H - +6 ring of strength
HPRegen 1.27/turn    k - ring of Meuprax {rPois rC+ Will+ Slay+3 Stlth-}
MPRegen 0.21/turn

%: repel missiles
@: about to teleport
A: no striking features
a: Renounce Religion, Upheaval, Elemental Force, Disaster Area


You were on level 4 of the Spider Nest.
You worshipped Qazlal.
Qazlal was extremely pleased with you.
You visited 6 branches of the dungeon, and saw 28 of its levels.
You also visited: Gauntlet and Ice Cave.

You collected 3308 gold pieces.
You spent 509 gold pieces at shops.

Inventory:

Hand Weapons
 e - the +8 executioner's axe of Victory (weapon) {freeze, Drain rElec Dex+5}
   (You acquired it on level 1 of the Orcish Mines)

   Dex+5:     It affects your dexterity (+5).
   rElec:     It insulates you from electricity.
   Drain:     It drains your maximum health when unequipped.
Missiles
 j - 4 silver javelins
 M - 3 throwing nets
Armour
 c - a +0 pair of gloves (worn)
 o - a +1 helmet (worn)
 A - a +0 pair of boots (worn)
 D - a scarf of resistance (worn)
 L - a +3 plate armour of willpower (worn)
Jewellery
 g - a ring of fire
 k - the ring of Meuprax (right hand) {rPois rC+ Will+ Slay+3 Stlth-}
   (You found it on level 2 of the Dungeon)

   [ring of protection from cold]

   Slay+3:    It affects your accuracy & damage with ranged weapons and melee
   (+3).
   rC+:       It protects you from cold.
   rPois:     It protects you from poison Will+: It increases your willpower.
   Stlth-:    It makes you less stealthy.
 l - a +5 ring of evasion
 n - an amulet of regeneration (around neck)
 y - a ring of resist corrosion
 z - a ring of protection from cold
 C - a ring of positive energy
 H - a +6 ring of strength (left hand)
 N - a +6 ring of intelligence
 P - a ring of ice
 R - a ring of magical power
 Z - a ring of flight
Wands
 u - a wand of mindburst (10)
 x - a wand of iceblast (10)
 E - a wand of flame (22)
 T - a wand of paralysis (8)
 X - a wand of acid (8)
Scrolls
 a - 2 scrolls of enchant weapon
 b - a scroll of vulnerability
 i - 4 scrolls of poison
 m - 7 scrolls of fear
 p - 5 scrolls of fog
 q - 6 scrolls of identify
 r - 4 scrolls of immolation
 t - 7 scrolls of amnesia
 F - 8 scrolls of teleportation
 I - 2 scrolls of enchant armour
 K - a scroll of torment
 S - 2 scrolls of summoning
 W - 2 scrolls of revelation
Potions
 d - 7 potions of mutation
 f - 5 potions of curing
 h - 2 potions of attraction
 s - 4 potions of resistance
 w - 3 potions of brilliance
 B - a potion of haste
 G - 2 potions of lignification
 J - 2 potions of invisibility
 Q - a potion of cancellation
 V - 5 potions of ambrosia


   Skills:
 + Level 18.1 Fighting
 - Level 24.0 Axes
 + Level 16.0 Armour
 + Level 5.6 Dodging
 - Level 3.9 Shields
 + Level 3.1 Translocations
 + Level 16.2 Invocations


You had 13 spell levels left.
You knew the following spells:

 Your Spells              Type           Power      Damage    Failure   Level
a - Blink                 Tloc           8%         N/A       67%         2
b - Apportation           Tloc           8%         N/A       52%         1

Your spell library contained the following spells:

 Spells                   Type           Power      Damage    Failure   Level
 Lesser Beckoning         Tloc           8%         N/A       67%         2
 Momentum Strike          Conj/Tloc      4%         3d8       87%         2
 Foxfire                  Conj/Fire      0%         2x1d4     91%         1
 Necrotise                Necr           0%         1d4       91%         1
 Summon Small Mammal      Summ           0%         N/A       91%         1
 Cigotuvi's Dreadful Rot  Necr/Pois/Air  0%         N/A       97%         2
 Sublimation of Blood     Necr           0%         N/A       97%         2
 Wereblood                Tmut           0%         N/A       97%         2
 Manifold Assault         Tloc           4%         N/A       99%         4
 Ozocubu's Armour         Ice            0%         N/A       100%        3
 Animate Armour           Summ/Erth      0%         N/A       100%        4
 Cause Fear               Hex            0%         N/A       100%        4
 Dispel Undead            Necr           0%         3d6       100%        4
 Leda's Liquefaction      Hex/Erth       0%         N/A       100%        4
 Petrify                  Tmut/Erth      0%         N/A       100%        4
 Summon Lightning Spire   Summ/Air       0%         N/A       100%        4
 Fireball                 Conj/Fire      0%         3d3       100%        5
 Irradiate                Conj/Tmut      0%         3d11      100%        5
 Lee's Rapid Deconstruct  Erth           0%         3d4*      100%        5
 Summon Forest            Summ/Tloc      1%         N/A       100%        5
 Summon Mana Viper        Hex/Summ       0%         N/A       100%        5
 Bombard                  Conj/Erth      0%         9d1       100%        6
 Death Channel            Necr           0%         N/A       100%        6
 Plasma Beam              Fire/Air       0%         2x1d10    100%        6
 Starburst                Conj/Fire      0%         6d3       100%        6
 Summon Cactus Giant      Summ           0%         N/A       100%        6
 Ozocubu's Refrigeration  Ice            0%         4d7       100%        7
 Dragon's Call            Summ           0%         N/A       100%        9


Dungeon Overview and Level Annotations

Branches:
Dungeon (15/15)            Temple (1/1) D:4            Lair (5/5) D:10
 Shoals (1/4) Lair:3       Spider (4/4) Lair:2        Slime (0/5) Lair:4
    Orc (2/2) D:12            Elf (0/3) Orc:2        Vaults (0/5) D:14
 Depths (0/4) D:15          IceCv (visited)         Gauntlet (visited)

Altars:
Ashenzari
Cheibriados
Dithmenos
Elyvilon
Fedhas
Gozag
Hepliaklqana
Kikubaaqudgha
Makhleb
Nemelex Xobeh
Okawaru
Qazlal
Ru
Sif Muna
Trog
Uskayaw
Vehumet
Wu Jian
Xom
Yredelemnul
Zin
The Shining One
Beogh
Jiyva

Shops:
D:6 :!?*=   Orc:2 =([*

Annotations:
Lair:5 3 runed translucent doors, Tollund's ghost, journeyman DjFE


Message History

The orb spider spins a strand of pure energy.
You feel better.
You feel less invigorated.
The redback bites you but does no damage.
The emperor scorpion is engulfed in freezing vapours.
The emperor scorpion stings you!
* * * LOW HITPOINT WARNING * * *
The emperor scorpion claws you but does no damage.
The emperor scorpion claws you.
* * * LOW HITPOINT WARNING * * *
The redback closely misses you.
You feel you are being watched by something.
You feel your power leaking away.
Unknown command.
As you read the scroll of teleportation, it crumbles to dust.
You feel strangely unstable.
You feel less protected from physical attacks.
You feel you are being watched by something.
The redback closely misses you. x2
You feel you are being watched by something.
Something hits you!
* * * LOW HITPOINT WARNING * * *
Something hits you but does no damage.
Something stings you but does no damage.
The redback closely misses you.
You feel better.
You hear a skittering sound.
The redback misses you.
The spark wasp simulacrum is engulfed in blazing flames.
The emperor scorpion stings you.
* * * LOW HITPOINT WARNING * * *
The emperor scorpion claws you but does no damage.
You block the emperor scorpion's attack.
The redback bites you but does no damage.
The emperor scorpion stings you!
* * * LOW HITPOINT WARNING * * *
The emperor scorpion barely misses you.
You block the emperor scorpion's attack.
You feel you are being watched by something.
Something hits you!
You die...

... .^.#. .#..
....# ^^.......##
#...#....##
#.....#...##
#......s...#
#...°☼#.#.#
.....#☼§s°.#
....#.ss@#.#
#...ss#..
#.......Z°..# ##
#####.s.#.s.##
#.##.###!{...#..#
#.§.....#.........
#..§...#...#.......
#.#§..^††.##.....#
##..#§#....# ###.##


You could see 2 emperor scorpions, 3 orb spiders, 3 redbacks and a spark wasp
simulacrum.

Vanquished Creatures
  Jorgrun (D:14)
  Asterion (Spider:4)
  A kraken (Shoals:1)
  Frances (Spider:1)
  Kirke (D:13)
  Donald (Spider:2)
  2 emperor scorpions
  2 ghost moths
  A broodmother (Spider:2)
  A stone giant (D:15)
  Azrael (D:12)
  3 spark wasps
  A minotaur (Gauntlet)
  An ettin (Orc:1)
  2 entropy weavers
  A merfolk impaler (Shoals:1)
  Fannar (D:11)
  Harold (D:10)
  An ice dragon (Orc:1)
  Erolcha (D:11)
  7 hydras
  5 catoblepae
  3 centaur warriors
  5 radroaches
  6 boulder beetles
  A merfolk avatar (Shoals:1)
  A death knight (D:15)
  5 death yaks (Lair:5)
  6 two-headed ogres
  A deep troll earth mage (D:14)
  3 orc high priests (Orc:2)
  4 demonic crawlers
  Urug (Lair:3)
  Amaemon (Lair:2)
  5 sun moths
  A skyshark (Lair:5)
  4 sea snakes
  6 pharaoh ants
  9 orb spiders
  A glowing orange brain (Gauntlet)
  An arcanist (D:14)
  7 steelbarb worms
  7 orc knights
  A harpy (Lair:3)
  8 ugly things
  2 deep elf pyromancers
  18 wolf spiders
  7 manticores
  5 moths of wrath
  3 orc sorcerers (Orc:2)
  5 cyclopes
  17 elephants
  4 torpor snails
  7 black mambas
  14 cane toads
  2 ice statues (IceCv)
  A gargoyle (D:11)
  2 rime drakes (Lair:5)
  An orange demon (Lair:2)
  2 efreet
  2 kobold demonologists (D:11)
  4 freezing wraiths
  7 komodo dragons
  A wind drake (Shoals:1)
  4 merfolk (Shoals:1)
  12 meliai
  5 polar bears
  9 trolls
  A queen bee (Spider:2)
  23 tarantellas
  12 blink frogs
  A snapping turtle (Shoals:1)
  The ghost of timneilson the Insei, an amateur OpSh (D:6)
  2 dream sheep (Shoals:1)
  26 culicivoras
  2 centaur simulacra (Gauntlet)
  11 slime creatures
  A vampire (D:9)
  18 jumping spiders
  2 water elementals (Shoals:1)
  2 wyverns
  A wyvern (shapeshifter) (D:14)
  3 wraiths
  53 yaks
  A basilisk (Lair:2)
  28 redbacks
  3 shadows
  3 hogs (D:13)
  5 fire elementals
  21 vampire mosquitoes
  A steam dragon (D:10)
  Eustachio (D:6)
  3 death yak simulacra (IceCv)
  2 wargs (Orc:2)
  15 water moccasins
  A sky beast (D:7)
  23 orc warriors
  An ice beast (D:8)
  4 ogres
  2 wolves (Orc:1)
  4 boggarts (D:14)
  13 centaurs
  2 phantoms
  3 kobold brigands
  4 bullfrogs
  2 gnoll sergeants
  2 scorpions
  A cane toad simulacrum (Gauntlet)
  An elephant simulacrum (IceCv)
  21 killer bees
  4 electric eels
  2 howler monkeys (D:14)
  5 jellies
  5 gnoll boudas
  14 orc priests
  6 hounds
  3 sleepcaps
  2 iguanas
  16 orc wizards
  A polar bear simulacrum (IceCv)
  A boggart simulacrum (D:14)
  28 gnolls
  4 adders
  A shadow imp (D:7)
  3 white imps
  2 ufetubi (D:5)
  3 worms
  3 dart slugs
  75 orcs
  9 ball pythons
  6 bats
  6 endoplasms
  A giant cockroach (D:1)
  7 goblins
  7 hobgoblins
  4 jackals (D:3)
  2 quokkas (D:1)
  5 frilled lizards
  26 kobolds
  6 rats
  5 tentacles (Shoals:1)
846 creatures vanquished.

Vanquished Creatures (collateral kills)
  A merfolk impaler (Shoals:1)
  A demonic crawler (Spider:4)
  2 orb spiders (Spider:4)
  2 fauns (Shoals:1)
  3 elephants (Lair:5)
  A yak (D:9)
  A culicivora (Spider:4)
  An acid dragon (D:9)
12 creatures vanquished.

Vanquished Creatures (others)
  A tarantella (Spider:4)
  A jumping spider (Spider:1)
  A culicivora (Spider:4)
  3 tentacles (Shoals:1)
6 creatures vanquished.

Grand Total: 864 creatures vanquished

Notes
Turn   | Place    | Note
-------+----------+-------------------------------------------
     0 | D:1      | jake111299 the Hill Orc Fighter began the quest for the
                  | Orb.
     0 | D:1      | Reached XP level 1. HP: 19/19 MP: 1/1
   137 | D:1      | Reached skill level 3 in Axes
   226 | D:1      | Reached XP level 2. HP: 26/27 MP: 2/2
   561 | D:1      | Reached skill level 4 in Axes
   820 | D:1      | Reached XP level 3. HP: 33/33 MP: 3/3
  1012 | D:2      | Identified the ring of Meuprax {rPois rC+ Will+ Slay+3
                  | Stlth-}
  1783 | D:3      | Reached XP level 4. HP: 41/41 MP: 4/4
  1794 | D:3      | Found a sacrificial altar of Ru.
  1862 | D:3      | Found a shadowy altar of Dithmenos.
  1881 | D:3      | Reached skill level 5 in Axes
  2162 | D:3      | Reached XP level 5. HP: 43/47 MP: 5/5
  2243 | D:3      | Reached skill level 5 in Fighting
  2264 | D:3      | Noticed a phantom
  2265 | D:3      | Reached skill level 6 in Axes
  2276 | D:3      | Killed a phantom
  2538 | D:4      | Reached XP level 6. HP: 56/56 MP: 6/6
  2613 | D:4      | Found a staircase to the Ecumenical Temple.
  2621 | D:4      | Reached skill level 7 in Axes
  2627 | Temple   | Entered the Ecumenical Temple
  2638 | Temple   | Became a worshipper of Qazlal Stormbringer
  2679 | D:4      | Reached skill level 1 in Invocations
  2983 | D:5      | Entered Level 5 of the Dungeon
  3128 | D:5      | Reached XP level 7. HP: 59/63 MP: 8/8
  3234 | D:5      | Reached skill level 8 in Axes
  4313 | D:6      | Reached skill level 9 in Axes
  4356 | D:6      | Reached XP level 8. HP: 71/71 MP: 10/10
  4378 | D:6      | Reached * piety under Qazlal
  4387 | D:6      | Found a runed translucent door.
  4387 | D:6      | Noticed timneilson's ghost (amateur OpSh)
  4412 | D:6      | Found Katuta's Distillery.
  4418 | D:6      | Bought a potion of haste for 110 gold pieces
  4431 | D:6      | Noticed a shadow
  4448 | D:6      | Killed a shadow
  4658 | D:6      | Reached skill level 10 in Axes
  4713 | D:6      | Found Zecuxuow's Jewellery Shop.
  4731 | D:6      | Noticed Eustachio
  4740 | D:6      | Found Waicaiff's Assorted Antiques.
  4883 | D:6      | Killed Eustachio
  5369 | D:6      | Found Gidghesi's Book Boutique.
  5415 | D:6      | Reached XP level 9. HP: 81/81 MP: 12/12
  5416 | D:6      | Found Zitwotas's Magic Scroll Shop.
  5419 | D:6      | Bought a scroll of teleportation for 39 gold pieces
  5579 | D:7      | Found a sparkling altar of Nemelex Xobeh.
  5666 | D:7      | Reached skill level 11 in Axes
  6036 | D:7      | Reached ** piety under Qazlal
  6169 | D:7      | Reached skill level 5 in Armour
  6472 | D:7      | Reached skill level 12 in Axes
  7061 | D:7      | Reached skill level 13 in Axes
  7067 | D:7      | Reached XP level 10. HP: 62/91 MP: 13/13
  7410 | D:8      | You fall into a shaft and drop 1 floor!
  7474 | D:9      | Reached skill level 5 in Invocations
  7711 | D:8      | Reached skill level 14 in Axes
  7908 | D:9      | Found a snail-covered altar of Cheibriados.
  8066 | D:9      | Reached *** piety under Qazlal
  8067 | D:9      | Reached skill level 10 in Fighting
  8398 | D:9      | Found a glowing golden altar of the Shining One.
  8470 | D:9      | Found a basalt altar of Yredelemnul.
  8540 | D:9      | Found a glowing silver altar of Zin.
  9221 | D:9      | Upgraded the game from 0.31-a0-978-g1e143483b6 to
                  | 0.31-a0-981-geadf994542
  9222 | D:10     | Entered Level 10 of the Dungeon
  9228 | D:10     | Found a shimmering altar of Xom.
  9257 | D:10     | Reached skill level 15 in Axes
  9260 | D:10     | Reached XP level 11. HP: 88/100 MP: 15/15
  9462 | D:10     | Found a staircase to the Lair.
  9561 | D:10     | Found the +3 Elemental Staff {ele, rElec rF+ rC+ AC+3}
 10182 | D:11     | Noticed a two-headed ogre
 10373 | D:11     | Noticed Harold
 10373 | D:11     | Noticed Erolcha
 10387 | D:10     | Killed Harold
 10484 | D:11     | Killed Erolcha
 10530 | D:11     | Noticed a two-headed ogre
 10535 | D:11     | Killed a two-headed ogre
 10536 | D:11     | Reached skill level 16 in Axes
 10591 | D:11     | Killed a two-headed ogre
 10593 | D:11     | Noticed a cyan ugly thing
 10601 | D:11     | Killed a cyan ugly thing
 10877 | D:11     | Noticed Fannar
 10892 | D:11     | Killed Fannar
 10970 | D:11     | Noticed a two-headed ogre
 10977 | D:11     | Killed a two-headed ogre
 10978 | D:11     | Reached XP level 12. HP: 110/110 MP: 18/18
 11202 | D:11     | Noticed a boulder beetle
 11222 | D:11     | Killed a boulder beetle
 11223 | D:11     | Reached skill level 17 in Axes
 11924 | D:6      | Killed timneilson's ghost
 11925 | D:6      | Reached skill level 1 in Dodging
 12029 | D:12     | Noticed Azrael
 12457 | D:12     | Identified the +2 long sword of Byips {flame, Int+3 Dex+3}
 12518 | D:12     | Found a staircase to the Orcish Mines.
 12538 | D:12     | Reached **** piety under Qazlal
 12598 | D:12     | Noticed a two-headed ogre
 12608 | D:12     | Killed a two-headed ogre
 12714 | D:12     | Killed Azrael
 12715 | D:12     | Reached skill level 10 in Armour
 12995 | Lair:1   | Entered Level 1 of the Lair of Beasts
 13080 | Lair:1   | Reached skill level 18 in Axes
 13330 | Lair:1   | Noticed a boulder beetle
 13344 | Lair:1   | Killed a boulder beetle
 13704 | Lair:2   | Found a hole to the Spider Nest.
 13846 | Lair:2   | Reached XP level 13. HP: 93/119 MP: 19/19
 13859 | Lair:2   | Reached skill level 19 in Axes
 13877 | Lair:2   | Noticed Amaemon
 13886 | Lair:2   | Killed Amaemon
 13891 | Lair:2   | Reached ***** piety under Qazlal
 14604 | Lair:3   | Noticed Urug
 14611 | Lair:3   | Killed Urug
 15342 | Lair:3   | Found a staircase to the Shoals.
 15644 | Lair:4   | Reached skill level 20 in Axes
 15871 | Lair:4   | Found the +7 mace of Variability {chaos, chaos arc}
 15967 | Lair:4   | Found a staircase to the Slime Pits.
 15967 | Lair:4   | Found a viscous altar of Jiyva.
 16234 | Lair:5   | Entered Level 5 of the Lair of Beasts
 16429 | Lair:5   | Reached skill level 10 in Invocations
 16484 | Lair:5   | Reached XP level 14. HP: 110/132 MP: 21/21
 17099 | Lair:5   | Found a runed translucent gate.
 17100 | Lair:5   | Found a runed translucent gate.
 17100 | Lair:5   | Found a runed translucent gate.
 17100 | Lair:5   | Noticed Tollund's ghost (journeyman DjFE)
 17373 | Lair:5   | Reached skill level 15 in Fighting
 17383 | Lair:5   | Learned a level 2 spell: Blink
 18407 | Orc:1    | Entered Level 1 of the Orcish Mines
 18548 | Orc:1    | Identified a scroll of acquirement
 18548 | Orc:1    | Acquired the +8 executioner's axe of Victory {freeze, Drain
                  | rElec Dex+5}
 18582 | Orc:1    | Found a frozen archway.
 18618 | IceCv    | Entered an ice cave
 18631 | IceCv    | Reached skill level 5 in Dodging
 18803 | IceCv    | Found a transporter.
 18813 | IceCv    | Found a transporter.
 18841 | IceCv    | Identified the +0 leather armour "Utseidd" {Drain rF++
                  | Int+3}
 19028 | Orc:1    | Reached XP level 15. HP: 124/141 MP: 24/24
 19481 | Orc:2    | Entered Level 2 of the Orcish Mines
 19492 | Orc:1    | Found a roughly hewn altar of Beogh.
 19604 | Orc:2    | Reached ****** piety under Qazlal
 20147 | Orc:2    | Found a staircase to the Elven Halls.
 20248 | Orc:2    | Found a roughly hewn altar of Beogh.
 20414 | Orc:2    | Found Congus's Assorted Antiques.
 20414 | Orc:2    | Found Cutenets's Jewellery Shoppe.
 20418 | Orc:2    | Found Voqoa's Armour Boutique.
 20418 | Orc:2    | Found Lintasat's Weapon Shoppe.
 20897 | D:13     | Noticed Kirke
 20903 | D:13     | Killed Kirke
 20904 | D:13     | Reached skill level 21 in Axes
 21341 | D:14     | Noticed Jorgrun
 21352 | D:14     | Killed Jorgrun
 21483 | D:14     | Found a gate leading to a gauntlet.
 21571 | Gauntlet | Entered a Gauntlet
 21571 | Gauntlet | Found a transporter.
 21571 | Gauntlet | Found a transporter.
 21580 | Gauntlet | Found a transporter.
 21588 | Gauntlet | Found a transporter.
 21603 | Gauntlet | Found a transporter.
 21611 | Gauntlet | Found a transporter.
 21634 | Gauntlet | Found a transporter.
 21667 | Gauntlet | Found a transporter.
 21697 | Gauntlet | Identified the +9 short sword "Killer Bee's Peril" {heavy,
                  | rC+}
 22120 | D:14     | Found a gate to the Vaults.
 22188 | D:15     | Entered Level 15 of the Dungeon
 22188 | D:15     | Found a staircase to the Depths.
 22700 | D:15     | Reached XP level 16. HP: 151/152 MP: 26/26
 23365 | Shoals:1 | Entered Level 1 of the Shoals
 23377 | Lair:3   | Reached skill level 22 in Axes
 23711 | Shoals:1 | Noticed a kraken
 23724 | Shoals:1 | Killed a kraken
 24232 | Spider:1 | Entered Level 1 of the Spider Nest
 25047 | Spider:1 | Reached skill level 15 in Armour
 25053 | Spider:1 | Noticed Frances
 25064 | Spider:1 | Killed Frances
 26115 | D:6      | Bought an amulet of regeneration for 360 gold pieces
 26120 | D:6      | Upgraded the game from 0.31-a0-981-geadf994542 to
                  | 0.31-a0-986-g5e6e4ef867
 26317 | Spider:2 | Noticed Donald
 26330 | Spider:1 | Reached skill level 23 in Axes
 26375 | Spider:2 | Reached skill level 15 in Invocations
 26781 | Spider:2 | Killed Donald
 26782 | Spider:2 | Reached XP level 17. HP: 149/162 MP: 28/28
 26904 | Spider:2 | Identified the +0 robe "Agacum" {rN+}
 27077 | Spider:2 | Identified the +0 ring mail "Qalergh" {Fly Str+2}
 27281 | Spider:3 | Reached skill level 1 in Translocations
 27401 | Spider:3 | Learned a level 1 spell: Apportation
 27434 | Spider:3 | Identified the +7 ring mail of the Stone Wall {rCorr Int+7
                  | Dex-3}
 27727 | Spider:4 | Entered Level 4 of the Spider Nest
 28060 | Spider:4 | Reached skill level 24 in Axes
 28078 | Spider:4 | Noticed Asterion
 28084 | Spider:4 | Killed Asterion
 28134 | Spider:4 | Slain by a ghost moth

Illustrated notes

Levels and vault maps discovered:
D:1:      dpeg_arrival_lava_temple_mockup, layout_loops_corners, st_stairs_6
D:2:      layout_loops_ring
D:3:      layout_loops_cross, grunt_dithmenos_smoke,
          mainiacjoe_overflow_small_starburst
D:4:      layout_rooms, minmay_temple_entry_stoned_glass
D:5:      layout_loops_ring
D:6:      layout_loops_ring, gammafunk_ghost_grave, serial_shops,
          kennysheep_mini, nicolae_shop_tiny_glass, nicolae_shop_gaudy_bauble,
          shop, shop, kennysheep_generic_room_7, uniq_eustachio
D:7:      layout_loops_ring, nemelex_spade_bored_becter, lightli_corner_chamber
D:8:      layout_rooms
D:9:      layout_basic, grunt_temple_overflow_holy_war, lemuel_tele_altar,
          general_overflow_altar
D:10:     layout_loops_ring, old_standard_altar, lair_entry_dummy,
          serial_co_window_serial, co_window_paths_b,
          co_window_of_opportunity_a, co_window_paths_a,
          co_window_of_opportunity_a, co_window_of_opportunity_a,
          co_window_corner_b, co_window_of_opportunity_b, co_window_corner_ca,
          co_window_corner_cb, co_window_of_opportunity_c, co_window_broadway_b,
          co_window_paths_d, glass_columns_a, glass_columns_c, glass_columns_a,
          glass_columns_c
D:11:     kennysheep_six_static_rooms, layout_loops_ring, minivault_21,
          uniq_fannar, uniq_harold, uniq_erolcha
D:12:     layout_small_grid, david_orc_3, uniq_azrael
D:13:     layout_rooms, corexii_leaking_fountain, uniq_kirke
D:14:     layout_loops_ring, hellmonk_vaults_attempted_burglary,
          dreamdust_mushroom_princess, gauntlet_entry_generic, uniq_jorgrun
D:15:     grunt_enter_depths_giant_problem, layout_loops_cross,
          nicolae_eternal_life
Temple:   nicolae_temple_bog_church
Lair:1:   layout_roguey, nzn_sisyphean_effort
Lair:2:   layout_gridlike, spider_nest_entry_webs, minmay_holes, uniq_amaemon
Lair:3:   layout_regular_city, mainiacjoe_shoals_entry_four_pools,
          grunt_megastairs_1, uniq_urug
Lair:4:   layout_gridlike, minmay_slime_entry_pillars
Lair:5:   evilmike_catoblepas_cave, layout_loops_ring, gammafunk_ghost_split,
          lemuel_fruit_tree, grunt_megastairs_3
Shoals:1: layout_shoals, argonaut_gorgonesque
Spider:1: layout_cave_pods, uniq_frances
Spider:2: layout_spider_delve, special_room [special_room_bee], uniq_donald
Spider:3: layout_spider_delve, nicolae_spider_solar_radiation
Spider:4: grunt_spider_rune_island, nicolae_spider_acid_house, uniq_asterion
Orc:1:    layout_diamond_mine, basic_altar,
          portal_ice_cave_entry_animals_and_master
Orc:2:    grunt_orc_tribal_feast, layout_caves, basic_altar

Skill      XL: |  1  2  3  4  5  6  7  8  9 10 11 12 13 14 15 16 17 |
---------------+----------------------------------------------------+-----
Axes           | 3 4 5 6 7 9 10 13 15 16 18 20 21 23 24 | 24.0
Fighting       | 4 5 6 7 9 10 11 12 14 15 16 17 18 | 18.1
Invocations    | 1 3 4 6 8 9 10 12 13 15 16 | 16.2
Armour         | 4 6 7 9 10 12 13 14 15 16 | 16.0
Dodging        | 2 5 |  5.6
Translocations | 3 |  3.1
Shields        | |  3.9

Action                     |  1- 3 |  4- 6 |  7- 9 | 10-12 | 13-15 | 16-18 || total
---------------------------+-------+-------+-------+-------+-------+-------++-------
  Melee: War axe           |   116 |    86 |   118 |       |       |       ||   320
         Battleaxe         |       |       |   118 |   340 |   354 |       ||   812
         Great mace        |       |       |       |       |    22 |       ||    22
         Executioner's axe |       |       |       |       |   305 |   364 ||   669
  Throw: Throwing net      |       |       |       |     1 |     1 |       ||     2
         Dart              |       |       |       |     1 |     3 |       ||     4
 Invoke: Upheaval          |       |       |       |     3 |     8 |     8 ||    19
         Elemental Force   |       |       |       |       |     1 |     2 ||     3
         Disaster Area     |       |       |       |       |       |     3 ||     3
  Evoke: Wand              |       |       |     5 |     4 |       |     3 ||    12
    Use: Potion            |       |     1 |       |     2 |     3 |    13 ||    19
         Scroll            |       |     6 |     5 |     8 |     8 |     9 ||    36
   Stab: Held in net/web   |       |       |       |     1 |     1 |       ||     2
         Petrified         |       |       |       |       |     4 |       ||     4
         Distracted        |       |       |       |       |     1 |       ||     1
         Paralysed         |       |       |       |       |       |     1 ||     1
 Armour: Scale mail        |    83 |    56 |    99 |       |       |       ||   238
         Chain mail        |       |       |    96 |    98 |       |       ||   194
         Plate armour      |       |       |       |   259 |   573 |   566 ||  1398
         Skin              |       |       |       |       |       |    15 ||    15
  Dodge: Dodged            |    58 |    35 |   103 |   121 |   251 |   239 ||   807
         Repelled          |       |       |       |       |     7 |       ||     7
  Block: Buckler           |    30 |    24 |     6 |       |       |       ||    60
         Kite shield       |       |       |    49 |       |       |       ||    49
         Other             |       |       |    12 |    47 |   208 |   205 ||   472

Table legend: (Time is in decaauts)
 A = Elapsed time spent in this place.
 B = Non-inter-level travel time spent in this place.
 C = Inter-level travel time spent in this place.
 D = Time resting spent in this place.
 E = Time spent auto-exploring this place.
 F = Levels seen in this place.
 G = Mean time per level.
                   A        B        C        D        E       F      G
               +--------+--------+--------+--------+--------+-----+--------+
         Total |  28014 |  26497 |   1517 |   5991 |  12915 |  30 |  933.8 |
       Dungeon |  15822 |  14702 |   1120 |   2473 |   8591 |  15 | 1054.8 |
        Temple |     25 |     25 |      0 |      0 |      0 |   1 |   25.0 |
          Lair |   6317 |   6006 |    311 |   1771 |   2837 |   5 | 1263.4 |
        Shoals |    259 |    259 |      0 |     94 |      0 |   1 |  259.0 |
   Spider Nest |   3190 |   3137 |     53 |   1068 |    827 |   4 |  797.5 |
  Orcish Mines |   1876 |   1844 |     32 |    372 |    603 |   2 |  938.0 |
      Ice Cave |    296 |    296 |      0 |    212 |      0 |   1 |  296.0 |
      Gauntlet |    225 |    225 |      0 |      0 |     57 |   1 |  225.0 |
               +--------+--------+--------+--------+--------+-----+--------+

Top non-repeatable levels by time:
Spider:1: 1893 daAuts
    D:11: 1755 daAuts
  Lair:5: 1653 daAuts
     D:6: 1609 daAuts
  Lair:3: 1606 daAuts
     D:9: 1547 daAuts
     D:7: 1529 daAuts
  Lair:2: 1435 daAuts
    D:10: 1362 daAuts
     D:5: 1126 daAuts
    D:15: 1035 daAuts
  Lair:4: 1027 daAuts
   Orc:2: 977 daAuts
     D:1: 920 daAuts
   Orc:1: 898 daAuts
